 Dungeon Crawl Stone Soup version 0.21-a0-364-gbd1fde4 (webtiles) character file.

137 HAL9000 the Sneak (level 5, -1/26 HPs)
             Began as a Vine Stalker Assassin on Oct 14, 2017.
             Succumbed to a big kobold's poison
             ... on level 3 of the Dungeon.
             The game lasted 00:03:15 (2718 turns).

HAL9000 the Sneak (Vine Stalker Assassin)           Turns: 2718, Time: 00:03:16

Health: -1/26      AC:  4    Str: 11 (14) XL:     5   Next: 20%
Magic:  2/6        EV: 11    Int:  8 (11) God:
Gold:   62         SH:  0    Dex: 13 (16) Spells: 4/4 levels left

rFire    + . .     SeeInvis .   b - +0 blowgun
rCold    x . .     Gourm    .   (no shield)
rNeg     . . .     Faith    .   c - +0 robe
rPois    .         Spirit   +   p - +0 helmet
rElec    .         Reflect  .   d - +0 cloak
rCorr    .         Harm     .   (no gloves)
MR       .....                  (no boots)
Stlth    +++.......             (no amulet)
HPRegen  0.48/turn              s - ring of fire
MPRegen  0.10/turn              (no ring)

@: lethally poisoned (-1 -> -32)
A: fangs 2, regeneration 1, magic shield, antimagic bite, no potion heal 3, rot
immunity
a: no special abilities


You were on level 3 of the Dungeon.
You were hungry.

You visited 1 branch of the dungeon, and saw 3 of its levels.

You collected 62 gold pieces.

Inventory:

Hand Weapons
 a - a +2 dagger
 b - a +0 blowgun (weapon)
Missiles
 e - 7 poisoned needles (quivered)
Armour
 c - a +0 robe (worn)
 d - a +0 cloak (worn)
 p - a +0 helmet (worn)
Jewellery
 s - a ring of fire (left hand)
 y - a +5 ring of evasion {unknown}
Scrolls
 h - 3 scrolls of identify {unknown}
 j - 4 scrolls of remove curse {unknown}
 k - 2 scrolls of fear {unknown}
 m - a scroll of immolation {unknown}
 o - a scroll of amnesia {unknown}
 t - a scroll of enchant weapon {unknown}
 v - a scroll of enchant armour {unknown}
Potions
 q - a potion of lignification {unknown}
 r - a potion of curing {unknown}
 w - a potion of heal wounds {unknown}
Books
 x - a book of Misfortune

   Spells                             Type                      Level
   a - Confusing Touch                Hexes                        1
   b - Confuse                        Hexes                        3
   c - Gell's Gravitas                Translocation                3
   d - Petrify                        Transmutation/Earth          4
   e - Metabolic Englaciation         Hexes/Ice                    5
   f - Yara's Violent Unravelling     Hexes/Transmutation          5
Comestibles
 g - 3 bread rations
 i - 3 fruits
 n - a royal jelly


   Skills:
 - Level 1.7 Fighting
 + Level 4.7 Short Blades
 - Level 1.7 Throwing
 - Level 0.7 Dodging
 - Level 4.8 Stealth


You had 4 spell levels left.
You didn't know any spells.

Dungeon Overview and Level Annotations

Branches:
Dungeon (3/15)

Altars:


Innate Abilities, Weirdness & Mutations

You have extremely sharp teeth.
Your natural rate of healing is unusually fast.
When hurt, damage is shared between your health and your magic reserves.
Your bite disrupts and absorbs the magic of your enemies.
Potions cannot restore your health.
You are immune to rotting.


Message History

You shoot a curare-tipped needle.
The curare-tipped needle barely misses the big kobold.
You feel sick.
The big kobold hits you with a dagger of venom.
* * * LOW HITPOINT WARNING * * *
You are more poisoned.
Firing (i - inventory. (,) - cycle):
f - a curare-tipped needle (quivered)
Press: ? - help, Shift-Dir - straight line, f/p - big kobold
Aim: a big kobold, wielding a dagger of venom (heavily wounded)
You shoot a curare-tipped needle.
The curare-tipped needle closely misses the big kobold.
* * * LOW HITPOINT WARNING * * *
You feel very sick.
The big kobold hits you with a dagger of venom.
* * * LOW HITPOINT WARNING * * *
You are more poisoned.
It was a potion of degeneration.
There was something very wrong with that liquid.
You feel weakened.
You feel dopey.
You feel clumsy.
You die...

###### ##### #....# ....#
#.##.# ######### ###.# #.##.#
#........ #.# #.#..#
#.####### #.###.#.######.
#.#...... ###........[.....
#.#.####.
........#.############# #.#.#
## #########(.....K@.....#
#.#.#
..............######.###.#.#
###
#####...#.†....#..........#.#
#..
...............#.###.######.#
#.# ####........#.#.#
#........# #.#
#..#.###.#.#.##############.#
#..#.....#.#...............†.
#).#######.#..#############.#
##K.# #.#..####### #.#


You could see a big kobold.

Vanquished Creatures
  Jessica (D:2)
  3 adders (D:2)
  2 oozes
  6 worms
  A dart slug (D:1)
  7 bats
  2 giant cockroaches
  6 goblins
  7 hobgoblins
  12 kobolds
  2 quokkas (D:2)
  A ball python (D:2)
  6 frilled lizards
  4 rats
60 creatures vanquished.

Notes
Turn   | Place    | Note
-------+----------+-------------------------------------------
     0 | D:1      | HAL9000 the Vine Stalker Assassin began the quest for the Orb.
     0 | D:1      | Reached XP level 1. HP: 11/11 MP: 2/2
   316 | D:1      | Reached XP level 2. HP: 15/15 MP: 3/3
  1030 | D:2      | Found a faded altar of an unknown god.
  1047 | D:2      | Reached XP level 3. HP: 15/18 MP: 4/4
  1863 | D:2      | Noticed Jessica
  1891 | D:2      | Killed Jessica
  1891 | D:2      | Gained mutation: Your natural rate of healing is unusually fast. [Vine Stalker growth]
  1891 | D:2      | Reached XP level 4. HP: 22/23 MP: 5/5
  2455 | D:3      | Reached XP level 5. HP: 24/26 MP: 6/6
  2676 | D:3      | Noticed a big kobold
  2718 | D:3      | Succumbed to a big kobold's poison

Vault maps used:
D:1:      dpeg_arrival_solitude, nrook_uturn
D:2:      chequers_ecumenical_altar_twisty, kennysheep_jessica_study
D:3:      cheibrodos_thug_alley, nicolae_dithmenos_through_a_glass_darkly,
          grunt_gozag_statues, first_bread, lemuel_tele_altar, uniq_natasha,
          uniq_purgy

Skill      XL: |  1  2  3 |
---------------+----------+-----
Short Blades   | 2 3 4 |  4.7
Fighting       | |  1.7
Throwing       | |  1.7
Dodging        | |  0.7
Stealth        | |  4.8

Action                   |  1- 3 |  4- 6 || total
-------------------------+-------+-------++-------
Melee: Dagger            |    96 |    94 ||   190
       Bite              |    25 |    30 ||    55
 Fire: Blowgun           |     3 |     3 ||     6
  Use: Potion            |       |     1 ||     1
 Stab: Sleeping          |     5 |     7 ||    12
  Eat: Chunk             |     3 |     2 ||     5
Armor: Robe              |    29 |    15 ||    44
Dodge: Dodged            |    41 |    36 ||    77

Table legend:
 A = Spawn XP
 B = Non-spawn XP
 C = Spawn XP percentage of total XP
 D = Spawn monster count
 E = Non-spawn monster count
 F = Spawn count percentage of total count
 G = Total turns spent on level
                    A         B        C        D         E        F      G
               +---------+---------+-------+---------+---------+-------+---------
         Total |       0 |     196 |   0.0 |       0 |      60 |   0.0 |  2718
               +---------+---------+-------+---------+---------+-------+---------
           D:1 |       0 |      22 |   0.0 |       0 |      12 |   0.0 |   966
           D:2 |       0 |     135 |   0.0 |       0 |      31 |   0.0 |  1462
           D:3 |       0 |      39 |   0.0 |       0 |      17 |   0.0 |   290
               +---------+---------+-------+---------+---------+-------+---------
